| TOP OF THE 1ST |
|
Augusta GreenJackets batting - Pitching for Binghamton Mets : RHP John Mason
|
|
Pitching: RHP John Mason
|
|
|
Batting: LHB Joe Hoover
|
0-0: Ball 1-0: Ball 2-0: Bunt missed! 2-1: Ball 3-1: SINGLE (Flyball, 89S, EV 93.8 MPH)
|
|
Batting: RHB Tony Harper
|
0-0: Called Strike 0-1: Ball 1-1: Ball Joe Hoover steals 2nd base 2-1: Foul Ball, location: 2F 2-2: Ground out 6-3 (Groundball, 6D, EV 103.8 MPH)
|
|
Batting: RHB Zach Maguire
|
0-0: Foul Ball, location: 2F 0-1: Foul Ball, location: 2F 0-2: Ball 1-2: Ball 2-2: Strikes out swinging
|
|
Batting: LHB Steve Nevis
|
0-0: Ball 1-0: Called Strike 1-1: Ground out U3 (Groundball, 34, EV 96.9 MPH)
|
| Top of the 1st over - 0 runs, 1 hit, 0 errors, 1 left on base; Augusta 0 - Binghamton 0 |
| BOTTOM OF THE 1ST |
|
Binghamton Mets batting - Pitching for Augusta GreenJackets : LHP Matt DeGrado
|
|
Pitching: LHP Matt DeGrado
|
|
|
Batting: RHB Oscar Bravo
|
0-0: Ball 1-0: Foul Ball, location: 2F 1-1: Swinging Strike 1-2: Foul Ball, location: 2F 1-2: Ball 2-2: Foul Ball, location: 2F 2-2: Ball 3-2: Strikes out swinging
|
|
Batting: SHB Jason Evans
|
0-0: Ball 1-0: Called Strike 1-1: Foul Ball, location: 2F 1-2: Ground out 5-3 (Groundball, 15, EV 83.1 MPH)
|
|
Batting: LHB Bayesa Mundhir
|
0-0: Called Strike 0-1: Foul Ball, location: 2F 0-2: SINGLE (Groundball, 6D, EV 95.6 MPH)
|
|
Batting: RHB Mike Hanks
|
0-0: Called Strike 0-1: Called Strike 0-2: Foul Ball, location: 2F 0-2: Strikes out looking
|
| Bottom of the 1st over - 0 runs, 1 hit, 0 errors, 1 left on base; Augusta 0 - Binghamton 0 |
| TOP OF THE 2ND |
|
Augusta GreenJackets batting - Pitching for Binghamton Mets : RHP John Mason
|
|
Batting: RHB Dave Perron
|
0-0: Called Strike 0-1: Called Strike 0-2: Foul Ball, location: 2F 0-2: Foul Ball, location: 2F 0-2: Foul Ball, location: 2F 0-2: Strikes out looking
|
|
Batting: LHB Chris West
|
0-0: Called Strike 0-1: Ground out 1-3 (Groundball, 13S, EV 60.0 MPH)
|
|
Batting: RHB Jaime Rios
|
0-0: Swinging Strike 0-1: Foul Ball, location: 2F 0-2: Ball 1-2: Ball 2-2: Foul Ball, location: 2F 2-2: Foul Ball, location: 2F 2-2: Ground out 6-3 (Groundball, P, EV 83.1 MPH)
|
| Top of the 2nd over - 0 runs, 0 hits, 0 errors, 0 left on base; Augusta 0 - Binghamton 0 |
| BOTTOM OF THE 2ND |
|
Binghamton Mets batting - Pitching for Augusta GreenJackets : LHP Matt DeGrado
|
|
Batting: RHB Nate Henderson
|
0-0: Ball 1-0: Ball 2-0: Ball 3-0: Base on Balls
|
|
Batting: RHB Jake Geib
|
0-0: Foul Ball, location: 2F 0-1: SINGLE (Line Drive, 9LM, EV 106.9 MPH) Nate Henderson to second
|
|
Batting: SHB Jerry Burrows
|
0-0: Ball 1-0: Ball 2-0: Ball 3-0: Called Strike 3-1: Foul Ball, location: 2F 3-2: Foul Ball, location: 2F 3-2: Base on Balls Nate Henderson to third Jake Geib to second
|
|
Batting: LHB Zane Kelton
|
0-0: DOUBLE (Line Drive, 8LXD, EV 103.1 MPH) Nate Henderson scores Jake Geib scores Jerry Burrows to third
|
|
Batting: LHB Jamel Alexander
|
0-0: Foul Ball, location: 2F 0-1: Ground out 4-3 (Groundball, 4, EV 109.4 MPH) Jerry Burrows scores Zane Kelton to third
|
|
Batting: RHB Oscar Bravo
|
0-0: Called Strike 0-1: SINGLE (Flyball, 7LM, EV 108.1 MPH) Zane Kelton scores
|
|
Batting: SHB Jason Evans
|
0-0: Ball 1-0: Called Strike 1-1: Hit by Pitch Oscar Bravo to second
|
|
Pinch Runner at 1st Gang-sheng Chew:
|
|
|
Batting: LHB Bayesa Mundhir
|
0-0: Ball 1-0: Ball 2-0: Called Strike 2-1: Ball 3-1: Called Strike 3-2: Base on Balls Oscar Bravo to third Gang-sheng Chew to second
|
|
Batting: RHB Mike Hanks
|
0-0: SINGLE (Line Drive, 78S, EV 107.5 MPH) Oscar Bravo scores Gang-sheng Chew to third Bayesa Mundhir to second Runner from 3rd tries for Home, SAFE, throw by LF to home
|
|
Pitching: RHP Edward Jones
|
|
|
Batting: RHB Nate Henderson
|
0-0: Ball 1-0: Called Strike 1-1: TRIPLE (Line Drive, 89XD, EV 106.9 MPH) Bayesa Mundhir scores Mike Hanks scores
|
|
Batting: RHB Jake Geib
|
0-0: Foul Ball, location: 2F 0-1: Ball 1-1: Fly out, F9 (Line Drive, 89D, EV 91.2 MPH) Runner from 3rd tags up, SCORES, no throw by RF
|
|
Batting: SHB Jerry Burrows
|
0-0: Swinging Strike 0-1: Foul Ball, location: 2F 0-2: Ball 1-2: Ball 2-2: Strikes out swinging
|
| Bottom of the 2nd over - 9 runs, 5 hits, 0 errors, 0 left on base; Augusta 0 - Binghamton 9 |
| TOP OF THE 3RD |
|
Augusta GreenJackets batting - Pitching for Binghamton Mets : RHP John Mason
|
|
Now at 3B: Gang-sheng Chew
|
|
|
Batting: RHB Gary Sampson
|
0-0: Foul Ball, location: 2F 0-1: Foul Ball, location: 2F 0-2: Ball 1-2: Ball 2-2: Foul Ball, location: 2F 2-2: Ball 3-2: Base on Balls
|
|
Batting: RHB Ruben Irizarry
|
0-0: Called Strike 0-1: Called Strike Gary Sampson steals 2nd base 0-2: Ball 1-2: Ball 2-2: Foul Ball, location: 2F 2-2: Ball 3-2: Foul Ball, location: 2F 3-2: SINGLE (Line Drive, 7S, EV 95.0 MPH) Gary Sampson to third Runner from 3rd tries for Home, SAFE, throw by LF to home
|
|
Batting: LHB Joe Hoover
|
0-0: Foul Ball, location: 2F 0-1: Ball 1-1: Called Strike 1-2: Fielders Choice at 2nd, 3-6 (Groundball, 13, EV 80.6 MPH)
|
|
Batting: RHB Tony Harper
|
0-0: Ball Joe Hoover steals 2nd, throwing error, E2 Joe Hoover to third 1-0: Called Strike 1-1: Ground out 6-3 (Groundball, 56, EV 88.1 MPH) Joe Hoover scores
|
|
Batting: RHB Zach Maguire
|
0-0: Ball 1-0: Called Strike 1-1: Foul Ball, location: 2F 1-2: Fly out, F7 (Flyball, 78S, EV 70.6 MPH)
|
| Top of the 3rd over - 2 runs, 1 hit, 1 error, 0 left on base; Augusta 2 - Binghamton 9 |
| BOTTOM OF THE 3RD |
|
Binghamton Mets batting - Pitching for Augusta GreenJackets : RHP Edward Jones
|
|
Batting: LHB Zane Kelton
|
0-0: SOLO HOME RUN (Line Drive, 89XD, EV 100.6 MPH), Distance : 398 ft
|
|
Batting: LHB Jamel Alexander
|
0-0: Ball 1-0: DOUBLE (Line Drive, 7LS, EV 102.5 MPH)
|
|
Batting: RHB Oscar Bravo
|
0-0: Called Strike 0-1: Foul Ball, location: 2F 0-2: Foul Ball, location: 2F 0-2: Fly out, F8 (Line Drive, 8LM, EV 84.4 MPH)
|
|
Batting: RHB Gang-sheng Chew
|
0-0: Ball 1-0: Ball 2-0: Foul Ball, location: 2F 2-1: SINGLE (Groundball, 6D, EV 109.4 MPH) Jamel Alexander to third Runner from 3rd tries for Home, SAFE, throw by CF to home
|
|
Batting: LHB Bayesa Mundhir
|
0-0: Ball 1-0: Foul Ball, location: 2F 1-1: Ball 2-1: Foul Ball, location: 2F 2-2: Ball 3-2: Grounds into double play, 3-6-1 (Groundball, 3, EV 105.6 MPH)
|
| Bottom of the 3rd over - 2 runs, 3 hits, 0 errors, 0 left on base; Augusta 2 - Binghamton 11 |
| TOP OF THE 4TH |
|
Augusta GreenJackets batting - Pitching for Binghamton Mets : RHP John Mason
|
|
Batting: LHB Steve Nevis
|
0-0: Ball 1-0: Ball 2-0: Fly out, F4 (Popup, 3D, EV 65.0 MPH)
|
|
Batting: RHB Dave Perron
|
0-0: Ball 1-0: Called Strike 1-1: Swinging Strike 1-2: Strikes out looking
|
|
Batting: LHB Chris West
|
0-0: SINGLE (Line Drive, 8RS, EV 91.9 MPH)
|
|
Batting: RHB Jaime Rios
|
0-0: Ball 1-0: DOUBLE (Line Drive, 8RXD, EV 101.2 MPH) Chris West to third
|
|
Batting: RHB Gary Sampson
|
0-0: Ball 1-0: Ball 2-0: Ball 3-0: Called Strike 3-1: Foul Ball, location: 2F 3-2: Ground out 2-3 (Groundball, 13S, EV 66.2 MPH)
|
| Top of the 4th over - 0 runs, 2 hits, 0 errors, 2 left on base; Augusta 2 - Binghamton 11 |
| BOTTOM OF THE 4TH |
|
Binghamton Mets batting - Pitching for Augusta GreenJackets : RHP Edward Jones
|
|
Batting: RHB Mike Hanks
|
0-0: Ball 1-0: Called Strike 1-1: Ball 2-1: Called Strike 2-2: Strikes out swinging
|
|
Batting: RHB Nate Henderson
|
0-0: Called Strike 0-1: Ball 1-1: SINGLE (Groundball, P, EV 87.5 MPH) (infield hit)
|
|
Batting: RHB Jake Geib
|
0-0: Called Strike 0-1: Foul Ball, location: 2F 0-2: Ball 1-2: Ball 2-2: Ball 3-2: Foul Ball, location: 2F 3-2: Foul Ball, location: 2F 3-2: Foul Ball, location: 2F 3-2: Fly out, F6 (Popup, 6, EV 66.2 MPH)
|
|
Batting: SHB Jerry Burrows
|
0-0: 2-RUN HOME RUN (Flyball, 9D, EV 97.5 MPH), Distance : 360 ft
|
|
Batting: LHB Zane Kelton
|
0-0: Called Strike 0-1: Ball 1-1: Swinging Strike 1-2: Ball 2-2: Strikes out swinging
|
| Bottom of the 4th over - 2 runs, 2 hits, 0 errors, 0 left on base; Augusta 2 - Binghamton 13 |
| TOP OF THE 5TH |
|
Augusta GreenJackets batting - Pitching for Binghamton Mets : RHP John Mason
|
|
Batting: RHB Ruben Irizarry
|
0-0: Foul Ball, location: 2F 0-1: Swinging Strike 0-2: Ball 1-2: Ball 2-2: Ground out 5-3 (Groundball, 56, EV 91.2 MPH)
|
|
Batting: LHB Joe Hoover
|
0-0: Ball 1-0: Ground out 6-3 (Groundball, 6, EV 83.1 MPH)
|
|
Batting: RHB Tony Harper
|
0-0: Swinging Strike 0-1: Swinging Strike 0-2: Strikes out looking
|
| Top of the 5th over - 0 runs, 0 hits, 0 errors, 0 left on base; Augusta 2 - Binghamton 13 |
| BOTTOM OF THE 5TH |
|
Binghamton Mets batting - Pitching for Augusta GreenJackets : RHP Edward Jones
|
|
Batting: LHB Jamel Alexander
|
0-0: Swinging Strike 0-1: Foul Ball, location: 2F 0-2: Strikes out swinging
|
|
Pitching: RHP Kyle Rindels
|
|
|
Batting: RHB Oscar Bravo
|
0-0: Called Strike 0-1: Ground out 1-3 (Groundball, 34S, EV 75.0 MPH)
|
|
Batting: RHB Gang-sheng Chew
|
0-0: Called Strike 0-1: Swinging Strike 0-2: SINGLE (Groundball, 6MD, EV 115.0 MPH)
|
|
Batting: LHB Bayesa Mundhir
|
0-0: Foul Ball, location: 2F 0-1: Called Strike 0-2: Ball Wild Pitch! Gang-sheng Chew to second 1-2: Ball 2-2: Ball 3-2: Base on Balls
|
|
Batting: RHB Mike Hanks
|
0-0: Ball 1-0: Foul Ball, location: 2F 1-1: 3-RUN HOME RUN (Flyball, 9D, EV 92.5 MPH), Distance : 362 ft
|
|
Batting: RHB Nate Henderson
|
0-0: Swinging Strike 0-1: Ball 1-1: Ball 2-1: Called Strike 2-2: Strikes out swinging
|
| Bottom of the 5th over - 3 runs, 2 hits, 0 errors, 0 left on base; Augusta 2 - Binghamton 16 |
| TOP OF THE 6TH |
|
Augusta GreenJackets batting - Pitching for Binghamton Mets : RHP John Mason
|
|
Batting: RHB Zach Maguire
|
0-0: Called Strike 0-1: Ball 1-1: Swinging Strike 1-2: Foul Ball, location: 2F 1-2: Ground out 4-3 (Groundball, 4, EV 84.4 MPH)
|
|
Batting: LHB Steve Nevis
|
0-0: Foul Ball, location: 2F 0-1: Fly out, F9 (Flyball, 89XD, EV 90.0 MPH)
|
|
Batting: RHB Dave Perron
|
0-0: Foul Ball, location: 2F 0-1: Ground out 6-3 (Groundball, 6, EV 83.8 MPH)
|
| Top of the 6th over - 0 runs, 0 hits, 0 errors, 0 left on base; Augusta 2 - Binghamton 16 |
| BOTTOM OF THE 6TH |
|
Binghamton Mets batting - Pitching for Augusta GreenJackets : RHP Kyle Rindels
|
|
Batting: RHB Jake Geib
|
0-0: Foul Ball, location: 2F 0-1: Foul Ball, location: 2F 0-2: Foul Ball, location: 2F 0-2: Ball 1-2: Ball 2-2: Foul Ball, location: 2F 2-2: Ball 3-2: Base on Balls
|
|
Batting: SHB Jerry Burrows
|
0-0: Ball 1-0: Grounds into double play, 4-6-3 (Groundball, 4MD, EV 108.8 MPH)
|
|
Batting: LHB Zane Kelton
|
0-0: Fly out, F7 (Line Drive, 7, EV 96.9 MPH)
|
| Bottom of the 6th over - 0 runs, 0 hits, 0 errors, 0 left on base; Augusta 2 - Binghamton 16 |
| TOP OF THE 7TH |
|
Augusta GreenJackets batting - Pitching for Binghamton Mets : RHP John Mason
|
|
Batting: LHB Chris West
|
0-0: Ball 1-0: Ball 2-0: Swinging Strike 2-1: DOUBLE (Line Drive, 5D, EV 96.2 MPH)
|
|
Batting: RHB Jaime Rios
|
0-0: Foul Ball, location: 2F 0-1: Ball 1-1: Ball 2-1: Foul Ball, location: 2F 2-2: Strikes out looking
|
|
Batting: RHB Gary Sampson
|
0-0: Ball 1-0: Ball 2-0: Called Strike 2-1: Ground out 6-3 (Groundball, 56, EV 91.9 MPH)
|
|
Pitching: RHP Geoff McDaniel
|
|
|
Batting: RHB Ruben Irizarry
|
0-0: Swinging Strike 0-1: Ball 1-1: Fly out, F9 (Flyball, 9LM, EV 83.1 MPH)
|
| Top of the 7th over - 0 runs, 1 hit, 0 errors, 1 left on base; Augusta 2 - Binghamton 16 |
| BOTTOM OF THE 7TH |
|
Binghamton Mets batting - Pitching for Augusta GreenJackets : RHP Kyle Rindels
|
|
Batting: LHB Jamel Alexander
|
0-0: Ball 1-0: Foul Ball, location: 2F 1-1: Fly out, F6 (Popup, 15, EV 89.4 MPH)
|
|
Batting: RHB Oscar Bravo
|
0-0: Ball 1-0: Called Strike 1-1: Called Strike 1-2: Ball 2-2: Ground out U3 (Groundball, 34, EV 79.4 MPH)
|
|
Pinch Hitting: RHB Bobby Mabrey
|
0-0: Called Strike 0-1: Swinging Strike 0-2: Strikes out swinging
|
| Bottom of the 7th over - 0 runs, 0 hits, 0 errors, 0 left on base; Augusta 2 - Binghamton 16 |
| TOP OF THE 8TH |
|
Augusta GreenJackets batting - Pitching for Binghamton Mets : RHP Geoff McDaniel
|
|
Now at 3B: Bobby Mabrey
|
|
|
Batting: LHB Joe Hoover
|
0-0: Foul Ball, location: 2F 0-1: Ground out 4-3 (Groundball, 4, EV 85.0 MPH)
|
|
Batting: RHB Tony Harper
|
0-0: Swinging Strike 0-1: Fly out, F8 (Flyball, 8LXD, EV 101.9 MPH)
|
|
Batting: RHB Zach Maguire
|
0-0: Called Strike 0-1: Ball 1-1: Ball 2-1: Foul Ball, location: 2F 2-2: Strikes out looking
|
| Top of the 8th over - 0 runs, 0 hits, 0 errors, 0 left on base; Augusta 2 - Binghamton 16 |
| BOTTOM OF THE 8TH |
|
Binghamton Mets batting - Pitching for Augusta GreenJackets : RHP Kyle Rindels
|
|
Batting: LHB Bayesa Mundhir
|
0-0: Ball 1-0: Foul Ball, location: 2F 1-1: Swinging Strike 1-2: Strikes out swinging
|
|
Batting: RHB Sean Lee
|
0-0: Swinging Strike 0-1: Foul Ball, location: 2F 0-2: Foul Ball, location: 2F 0-2: Strikes out looking
|
|
Batting: RHB Nate Henderson
|
0-0: Called Strike 0-1: Called Strike 0-2: Ball 1-2: Strikes out swinging
|
| Bottom of the 8th over - 0 runs, 0 hits, 0 errors, 0 left on base; Augusta 2 - Binghamton 16 |
| TOP OF THE 9TH |
|
Augusta GreenJackets batting - Pitching for Binghamton Mets : RHP Geoff McDaniel
|
|
Batting: LHB Steve Nevis
|
0-0: SINGLE (Line Drive, 6MD, EV 103.8 MPH)
|
|
Batting: RHB Dave Perron
|
0-0: Swinging Strike 0-1: Fly out, F3 (Popup, 3SF, EV 74.4 MPH)
|
|
Batting: LHB Chris West
|
0-0: Fly out, F8 (Flyball, 78S, EV 81.2 MPH)
|
|
Batting: RHB Jaime Rios
|
0-0: Ball 1-0: Foul Ball, location: 2F 1-1: Swinging Strike 1-2: Ball 2-2: Strikes out swinging
|
| Top of the 9th over - 0 runs, 1 hit, 0 errors, 1 left on base; Augusta 2 - Binghamton 16 |
|